 Dungeon Crawl Stone Soup version 0.31-a0-4-gefa6de2278 (webtiles) character file.

Game seed: 1548283686500343900

4221 jasper the Geomancer (level 10, -16/107 HPs)
             Began as an Ogre Earth Elementalist on May 3, 2023.
             Was an Initiate of Kikubaaqudgha.
             Demolished by a two-headed ogre
             ... wielding a +0 dire flail
              (25 damage)
             ... on level 10 of the Dungeon.
             The game lasted 00:12:33 (9556 turns).

jasper the Geomancer (Ogre Earth Elementalist)      Turns: 9556, Time: 00:12:34

Health: -16/107    AC:  5    Str: 14    XL:     10   Next: 30%
Magic:  21/22      EV:  9    Int: 20    God:    Kikubaaqudgha [......]
Gold:   468        SH:  0    Dex:  9    Spells: 15/25 levels left

rFire   . . .        e - staff of earth
rCold   . . .        (no shield)
rNeg    . . .        a - +0 robe
rPois   .            (helmet restricted)
rElec   .            r - +1 cloak
rCorr   .            (gloves unavailable)
SInv    .            (boots unavailable)
Will    +....        x - amulet of magic regeneration
Stlth   +            (no ring)
HPRegen 0.37/turn    (no ring)
MPRegen 0.58/turn

%: no passive effects
@: no status effects
A: large, unfitting armour, tough skin 1
a: Renounce Religion


You were on level 10 of the Dungeon.
You worshipped Kikubaaqudgha.
Kikubaaqudgha was noncommittal.
You visited 2 branches of the dungeon, and saw 11 of its levels.
You also visited: Sewer and Ossuary.

You collected 513 gold pieces.
You spent 45 gold pieces at shops.

Inventory:

Hand Weapons
 d - a +0 dagger
 f - a +1 vampiric mace
 t - a +0 long sword of holy wrath
 C - a +5 dire flail of draining
Missiles
 j - 3 throwing nets
 y - 3 curare-tipped darts
Armour
 a - a +0 robe (worn)
 r - a +1 cloak (worn)
Magical Staves
 e - a staff of earth (weapon)
 i - a staff of death
Jewellery
 x - an amulet of magic regeneration (around neck)
Wands
 q - a wand of mindburst (8)
 s - a wand of polymorph (2)
 u - a wand of iceblast (16)
 D - a wand of quicksilver (9)
Scrolls
 h - 3 scrolls of fog
 n - 3 scrolls of torment
 A - 6 scrolls of teleportation
 B - a scroll of identify
Potions
 b - 2 potions of magic
 c - a potion of attraction
 k - a potion of resistance
 l - 3 potions of curing
 m - 4 potions of invisibility
 o - a potion of ambrosia
 p - a potion of degeneration
 v - 3 potions of berserk rage
 w - 2 potions of heal wounds
 z - 5 potions of brilliance
 E - a potion of might
 F - a potion of mutation


   Skills:
 + Level 9.5 Fighting
 - Level 1.7 Dodging
 - Level 1.4 Stealth
 + Level 8.3 Spellcasting
 * Level 0.2 Conjurations
 - Level 0.8 Transmutations
 - Level 10.0 Earth Magic


You had 15 spell levels left.
You knew the following spells:

 Your Spells              Type           Power      Damage    Failure   Level
a - Sandblast             Erth           100%       2d20      1%          1
b - Passwall              Tmut/Erth      37%        N/A       1%          2
c - Stone Arrow           Conj/Erth      86%        3d12      3%          3
d - Apportation           Tloc           16%        N/A       9%          1
e - Vampiric Draining     Necr           8%         2d6       24%         3

Your spell library contained the following spells:

 Spells                   Type           Power      Damage    Failure   Level
 Foxfire                  Conj/Fire      32%        2x1d5     8%          1
 Necrotise                Necr           32%        1d5       9%          1
 Slow                     Hex            32%        N/A       9%          1
 Summon Small Mammal      Summ           32%        N/A       9%          1
 Petrify                  Tmut/Erth      45%        N/A       9%          4
 Confusing Touch          Hex            8%         N/A       24%         3
 Anguish                  Hex/Necr       4%         N/A       63%         4
 Cause Fear               Hex            4%         N/A       63%         4
 Fireball                 Conj/Fire      4%         3d4       91%         5
 Plasma Beam              Fire/Air       4%         2x1d15    100%        6
 Starburst                Conj/Fire      4%         6d3       100%        6
 Enfeeble                 Hex            4%         N/A       100%        7


Dungeon Overview and Level Annotations

Branches:
Dungeon (10/15)            Temple (1/1) D:5            Lair (0/5) D:8
  Sewer (visited)         Ossuary (visited)
    Orc: D:9-12

Altars:
Ashenzari
Cheibriados
Dithmenos
Elyvilon
Fedhas
Gozag
Hepliaklqana
Kikubaaqudgha
Makhleb
Nemelex Xobeh
Okawaru
Qazlal
Ru
Sif Muna
Trog
Uskayaw
Vehumet
Wu Jian
Xom
Yredelemnul
Zin
The Shining One

Shops:
D:5 (

Annotations:
D:5 2 transporters, Darkkill's ghost, novice MiHu
D:6 3 runed translucent doors, SirDiesAlot's ghost, novice OgBe
D:8 exclusion: death knight
D:9 Erolcha


Innate Abilities, Weirdness & Mutations

You are too large for most types of armour.
You have tough skin. (AC +1)


Message History

Confirm with . or Enter, or press ? or * to list all spells.
Aiming: Sandblast (safe; 1% risk of failure)
Press: ? - help, Shift-Dir - straight line, f/p - two-headed ogre
Aim: a two-headed ogre, wielding a +0 dire flail and a +0 giant spiked club (severely wounded, 93% to hit)
You feel a surge of power!
The blast of sand hits the two-headed ogre!
The two-headed ogre is almost dead.
The vampire mosquito barely misses you. The vampire mosquito bites you!
The vampire mosquito draws strength from your injuries!
The vampire mosquito closely misses you.
The vampire mosquito bites you!
The vampire mosquito draws strength from your injuries!
The two-headed ogre hits you with a +0 dire flail.
The two-headed ogre hits you with a +0 giant spiked club.
The vampire mosquito bites you!
* * * LOW HITPOINT WARNING * * *
The vampire mosquito draws strength from your injuries!
The vampire mosquito bites you!
* * * LOW HITPOINT WARNING * * *
The vampire mosquito draws strength from your injuries!
You take 48 damage, and have 21/107 hp.
MASSIVE DAMAGE!!
Casting: Sandblast (safe; 1% risk of failure)
Confirm with . or Enter, or press ? or * to list all spells.
Aiming: Sandblast (safe; 1% risk of failure)
Press: ? - help, Shift-Dir - straight line, f/p - two-headed ogre
Aim: a two-headed ogre, wielding a +0 dire flail and a +0 giant spiked club (almost dead, 93% to hit)
You feel a surge of power!
The blast of sand misses the two-headed ogre.
The vampire mosquito bites you.
* * * LOW HITPOINT WARNING * * *
The vampire mosquito draws strength from your injuries!
The vampire mosquito barely misses you. The vampire mosquito bites you.
* * * LOW HITPOINT WARNING * * *
The vampire mosquito draws strength from your injuries!
The vampire mosquito bites you but does no damage.
The two-headed ogre hits you with a +0 dire flail!
* * * LOW HITPOINT WARNING * * *
The two-headed ogre hits you with a +0 giant spiked club!!
You die...
Kikubaaqudgha rasps: "You have failed me!
Welcome... death!"

#########
........#
........#
........+
!.......#
......yy#
.......@#
.......O#
........#
#########


You could see a two-headed ogre and 2 vampire mosquitoes.

Vanquished Creatures
  Joseph (D:8)
  2 wyverns
  A steam dragon (D:6)
  2 sky beasts
  3 ogres
  2 centaurs
  8 kobold brigands (Sewer)
  3 elf zombies (Ossuary)
  7 scorpions
  3 bullfrogs
  5 wights (D:6)
  A jelly (D:5)
  6 killer bees (D:8)
  7 howler monkeys
  A centaur zombie (Ossuary)
  2 orc priests (D:6)
  2 human zombies (Ossuary)
  3 hounds
  2 sleepcaps
  Terence (D:3)
  Crazy Yiuf (D:3)
  3 iguanas
  Ijyb (D:5)
  2 orc wizards
  2 mummies (Ossuary)
  A gnoll (D:4)
  8 adders
  3 worms (Sewer)
  A dart slug (D:2)
  14 orcs
  9 ball pythons
  4 bats
  9 endoplasms
  7 goblins
  9 hobgoblins
  4 jackals (D:3)
  7 kobolds
  3 training dummies (D:5)
  11 frilled lizards
  10 hobgoblin zombies (Ossuary)
  2 jackal zombies (Ossuary)
  10 kobold zombies (Ossuary)
  7 orc zombies (Ossuary)
  6 rats
  2 rat zombies (Ossuary)
198 creatures vanquished.

Vanquished Creatures (others)
  A shadow imp (D:5)
1 creature vanquished.

Grand Total: 199 creatures vanquished

Notes
Turn   | Place    | Note
-------+----------+-------------------------------------------
     0 | D:1      | jasper the Ogre Earth Elementalist began the quest for the
                  | Orb.
     0 | D:1      | Reached XP level 1. HP: 16/16 MP: 3/3
   204 | D:1      | Reached XP level 2. HP: 26/26 MP: 0/5
   207 | D:1      | Learned a level 2 spell: Passwall
   279 | D:1      | Reached skill level 1 in Fighting
   279 | D:1      | Reached skill level 3 in Earth Magic
   963 | D:2      | Reached XP level 3. HP: 33/33 MP: 1/7
  1486 | D:3      | Found a faded altar of an unknown god.
  1838 | D:3      | Noticed Terence
  1864 | D:3      | Reached XP level 4. HP: 24/42 MP: 0/8
  2381 | D:4      | Reached skill level 4 in Earth Magic
  2430 | D:4      | Noticed a scorpion
  2434 | D:4      | Noticed an ogre
  2450 | D:4      | Killed a scorpion
  2451 | D:4      | Reached XP level 5. HP: 20/53 MP: 0/10
  2808 | D:4      | Noticed an ogre
  2813 | D:4      | Killed an ogre
  2814 | D:4      | Reached XP level 6. HP: 27/62 MP: 6/12
  2969 | D:4      | Reached skill level 5 in Earth Magic
  2973 | D:4      | Learned a level 3 spell: Stone Arrow
  2975 | D:4      | Learned a level 1 spell: Apportation
  3032 | D:4      | Found a bloodstained altar of Trog.
  3526 | D:5      | Entered Level 5 of the Dungeon
  3532 | D:5      | Reached XP level 7. HP: 65/71 MP: 8/13
  3767 | D:5      | Noticed Ijyb
  3777 | D:5      | Killed Ijyb
  3778 | D:5      | Reached skill level 5 in Fighting
  3778 | D:5      | Reached skill level 5 in Spellcasting
  3985 | D:5      | Found a bloodstained altar of Trog.
  4036 | D:5      | Found a staircase to the Ecumenical Temple.
  4045 | Temple   | Entered the Ecumenical Temple
  4045 | Temple   | Found a transporter.
  4045 | Temple   | Found a transporter.
  4048 | Temple   | Found a transporter.
  4048 | Temple   | Found a transporter.
  4151 | D:5      | Found a glowing drain.
  4160 | Sewer    | Entered a sewer
  4198 | Sewer    | Reached skill level 6 in Earth Magic
  4327 | Sewer    | Reached XP level 8. HP: 81/81 MP: 13/15
  4806 | Sewer    | Reached skill level 7 in Earth Magic
  5321 | D:5      | Found a transporter.
  5412 | D:5      | Found Xibreonu's Firing Range.
  5416 | D:5      | Bought a throwing net for 45 gold pieces
  5463 | D:5      | Noticed Darkkill's ghost (novice MiHu)
  5492 | D:5      | Found a transporter.
  5600 | D:6      | Found a runed translucent gate.
  5600 | D:6      | Found a runed translucent gate.
  5600 | D:6      | Found a runed translucent gate.
  5602 | D:6      | Found an opulent altar of Gozag.
  5605 | D:6      | Noticed SirDiesAlot's ghost (novice OgBe)
  5668 | D:6      | Reached XP level 9. HP: 93/93 MP: 16/18
  5793 | D:6      | Reached skill level 8 in Earth Magic
  5826 | D:6      | Found a glowing silver altar of Zin.
  6030 | D:6      | Learned a level 3 spell: Vampiric Draining
  6061 | D:6      | Identified the +0 chain mail of Nigid {Int+2}
  6750 | D:7      | Found a sand-covered staircase.
  6759 | Ossuary  | Entered an ossuary
  7223 | D:7      | Reached skill level 9 in Earth Magic
  7876 | D:8      | Noticed a death knight
  8069 | D:3      | Killed Terence
  8088 | D:3      | Found a runed translucent door.
  8089 | D:3      | Noticed Crazy Yiuf
  8094 | D:3      | Killed Crazy Yiuf
  8432 | D:8      | Reached XP level 10. HP: 99/106 MP: 19/21
  8656 | D:8      | Noticed Joseph
  8669 | D:8      | Killed Joseph
  9106 | D:8      | Found an ancient bone altar of Kikubaaqudgha.
  9111 | D:8      | Found a shimmering altar of Xom.
  9114 | D:8      | Became a worshipper of Kikubaaqudgha
  9144 | D:8      | Found a staircase to the Lair.
  9385 | D:9      | Found a radiant altar of Vehumet.
  9517 | D:9      | Identified a scroll of acquirement
  9517 | D:9      | Acquired a staff of earth
  9542 | D:9      | Reached skill level 10 in Earth Magic
  9542 | D:9      | Noticed Erolcha
  9552 | D:10     | Entered Level 10 of the Dungeon
  9552 | D:10     | Noticed a two-headed ogre
  9556 | D:10     | Demolished by a two-headed ogre

Illustrated notes

Levels and vault maps discovered:
D:1:      erik_arrival_orb_chamber, layout_basic
D:2:      layout_basic, minmay_lizard_pond
D:3:      layout_rooms, nicolae_ecumenical_pavilion, uniq_crazy_yiuf_cottage,
          uniq_terence
D:4:      layout_loops_cross, minmay_ruined_shrine
D:5:      layout_basic, old_standard_altar, minmay_temple_entry_butterflies,
          gammafunk_ghost_mausoleum, portal_sewer_entry_d,
          nicolae_shop_firing_range, uniq_ijyb
D:6:      layout_basic, mainiacjoe_overflow_surrounded_room, ebering_ghost_gozag
D:7:      layout_gridville, enter_ossuary_1
D:8:      minmay_the_grid_octo_tiled_squarecenter
          [minmay_the_grid_octo_vomiting_pacman, minmay_the_grid_octo_horde,
          minmay_the_grid_octo_empty, minmay_the_grid_octo_77,
          minmay_the_grid_square_5x5_megaprize_open,
          minmay_the_grid_square_5x5_spiral,
          minmay_the_grid_square_5x5_shuriken,
          minmay_the_grid_square_5x5_hollow_slash,
          minmay_the_grid_square_5x5_spiral_small], layout_loops_ring,
          mainiacjoe_overflow_divided_tiny, uniq_joseph
D:9:      layout_irregular_city, nicolae_overflow_crystal_walls,
          guppyfry_early_elven_hall, uniq_erolcha
D:10:     layout_roguey [special_room_bee], biasface_ghost_orc_armoury,
          chequers_avenue
Temple:   hellmonk_temple_divided_pantheon

Skill      XL: |  1  2  3  4  5  6  7  8  9 10 |
---------------+-------------------------------+-----
Fighting       | 1 2 3 4 5 7 8 9 |  9.5
Earth Magic    | 3 4 5 6 7 9 10 | 10.0
Spellcasting   | 3 4 5 6 7 8 |  8.3
Dodging        | |  1.7
Stealth        | |  1.4
Conjurations   | |  0.2
Transmutations | |  0.8

Action                     |  1- 3 |  4- 6 |  7- 9 | 10-12 || total
---------------------------+-------+-------+-------+-------++-------
  Melee: Mace              |    35 |     4 |     6 |       ||    45
         Unarmed           |       |       |     5 |       ||     5
         Punch             |       |       |     1 |       ||     1
         Dire flail        |       |       |     8 |     1 ||     9
   Cast: Sandblast         |    56 |    59 |   221 |    41 ||   377
    Use: Scroll            |     8 |       |    15 |     4 ||    27
         Potion            |     1 |     3 |     1 |     2 ||     7
 Armour: Robe              |    30 |    11 |    41 |    12 ||    94
         Skin              |       |       |     5 |     1 ||     6
  Dodge: Dodged            |    46 |    17 |    71 |    19 ||   153

Table legend: (Time is in decaauts)
 A = Elapsed time spent in this place.
 B = Non-inter-level travel time spent in this place.
 C = Inter-level travel time spent in this place.
 D = Time resting spent in this place.
 E = Time spent auto-exploring this place.
 F = Levels seen in this place.
 G = Mean time per level.
                   A        B        C        D        E       F      G
               +--------+--------+--------+--------+--------+-----+--------+
         Total |   9786 |   9190 |    596 |   1176 |   6606 |  13 |  752.8 |
       Dungeon |   8213 |   7624 |    589 |    961 |   5622 |  10 |  821.3 |
        Temple |     30 |     23 |      7 |      0 |      0 |   1 |   30.0 |
         Sewer |   1084 |   1084 |      0 |    115 |    774 |   1 | 1084.0 |
       Ossuary |    457 |    457 |      0 |    100 |    209 |   1 |  457.0 |
               +--------+--------+--------+--------+--------+-----+--------+

Top non-repeatable levels by time:
     D:4: 1446 daAuts
     D:6: 1105 daAuts
   Sewer: 1084 daAuts
     D:7: 1030 daAuts
     D:8: 986 daAuts
     D:3: 971 daAuts
     D:5: 859 daAuts
     D:1: 803 daAuts
     D:2: 778 daAuts
 Ossuary: 457 daAuts
     D:9: 227 daAuts
  Temple: 30 daAuts
    D:10: 5 daAuts
